 Dungeon Crawl Stone Soup version 0.22-a0-86-g94e0ad4 (webtiles) character file.

53 Kidiri the Magician (level 3, -1/19 HPs)
             Began as a Deep Elf Fire Elementalist on Jan 20, 2018.
             Slain by a leopard gecko (2 damage)
             ... on level 2 of the Dungeon.
             The game lasted 00:05:19 (1153 turns).

Kidiri the Magician (Deep Elf Fire Elementalist)    Turns: 1153, Time: 00:05:21

Health: -1/19      AC:  3    Str:  5    XL:     3   Next: 64%
Magic:  0/11       EV: 13    Int: 20    God:
Gold:   53         SH:  0    Dex: 15    Spells: 2/11 levels left

rFire    . . .     SeeInvis .   p - +0 dagger (drain)
rCold    . . .     Gourm    .   (no shield)
rNeg     . . .     Faith    .   a - +0 robe
rPois    .         Spirit   .   h - +0 helmet (curse)
rElec    .         Reflect  .   (no cloak)
rCorr    .         Harm     .   (no gloves)
MR       .....                  (no boots)
Stlth    ++........             (no amulet)
HPRegen  0.06/turn              (no ring)
MPRegen  0.12/turn              (no ring)

@: drained
A: no striking features
a: no special abilities


You were on level 2 of the Dungeon.
You were not hungry.

You visited 1 branch of the dungeon, and saw 2 of its levels.

You collected 53 gold pieces.

Inventory:

Hand Weapons
 f - a +0 dagger
 p - a +0 dagger of draining (weapon)
Armour
 a - a +0 robe (worn)
 h - a cursed +0 helmet (worn)
 j - a cursed +0 buckler
 k - a +0 helmet
Jewellery
 e - an uncursed amulet of faith
Wands
 o - a wand of flame (30)
Scrolls
 g - a scroll of magic mapping {unknown}
 l - a scroll of remove curse {unknown}
 m - a scroll of amnesia {unknown}
Potions
 i - a potion of mutation {unknown}
 n - a potion of agility {unknown}
Books
 b - a book of Flames

   Spells                             Type                      Level
   a - Flame Tongue                   Conjuration/Fire             1
   b - Throw Flame                    Conjuration/Fire             2
   c - Conjure Flame                  Conjuration/Fire             3
   d - Inner Flame                    Hexes/Fire                   3
   e - Sticky Flame                   Conjuration/Fire             4
   f - Fireball                       Conjuration/Fire             5
Comestibles
 c - 7 rations
 d - 3 chunks of flesh


   Skills:
 - Level 2.4(2.2) Dodging
 - Level 2.4(2.2) Stealth
 * Level 4.5(4.4) Spellcasting
 + Level 2.0(1.9) Conjurations
 + Level 3.8(3.6) Fire Magic


You had 2 spell levels left.
You knew the following spells:

 Your Spells              Type           Power        Failure   Level  Hunger
a - Flame Tongue          Conj/Fire      ###..        4%          1    None
b - Throw Flame           Conj/Fire      ###...       6%          2    #......
c - Conjure Flame         Conj/Fire      ###.....     12%         3    ###....
d - Inner Flame           Hex/Fire       ##......     17%         3    ###....


Dungeon Overview and Level Annotations

Branches:
Dungeon (2/15)

Altars:


Message History

The flame tongue misses the leopard gecko.
The flame tongue misses the frilled lizard.
The leopard gecko closely misses you.
You miss the leopard gecko.
The leopard gecko bites you but does no damage. x2
Casting: Flame Tongue
Confirm with . or Enter, or press ? or * to list all spells.
Aiming: Flame Tongue
Press: ? - help, Shift-Dir - straight line, f/p - leopard gecko
Aim: a leopard gecko (clinging)
The flame tongue hits the leopard gecko.
The leopard gecko is lightly wounded.
The leopard gecko closely misses you.
Unknown command.
You completely miss the leopard gecko.
The leopard gecko is lightly wounded.
The leopard gecko bites you.
* * * LOW HITPOINT WARNING * * *
The leopard gecko bites you.
You die...

##.............
#......#......
#####...(.........
#..l...........#..
#.####r...........
#.# #..........#..
#.# #.............
#.# #.w...##......
#@# ##............
##l####....#.#.....
#(.l(lw.......#....
#######............
###'##........
#..........)..
#........###..
#........# #..
###......# ...


You could see a leopard gecko and a frilled lizard.

Vanquished Creatures
  An ooze (D:2)
  A worm (D:2)
  A dart slug (D:1)
  A leopard gecko (D:2)
  6 bats
  6 hobgoblins
  2 jackals (D:1)
  7 kobolds
  10 goblins
  3 rats
38 creatures vanquished.

Notes
Turn   | Place    | Note
-------+----------+-------------------------------------------
     0 | D:1      | Kidiri the Deep Elf Fire Elementalist began the quest for the Orb.
     0 | D:1      | Reached XP level 1. HP: 10/10 MP: 6/6
   256 | D:1      | Reached XP level 2. HP: 15/15 MP: 0/8
   379 | D:1      | Learned a level 2 spell: Throw Flame
   750 | D:1      | Reached skill level 4 in Spellcasting
   927 | D:2      | Reached XP level 3. HP: 19/19 MP: 8/10
   932 | D:2      | Learned a level 3 spell: Conjure Flame
   936 | D:2      | Learned a level 3 spell: Inner Flame
  1153 | D:2      | Slain by a leopard gecko

Vault maps used:
D:1:      ncdulo_wetmaze
D:2:      kennysheep_the_goblin_king, minmay_guardbox

Skill      XL: |  1  2  3 |
---------------+----------+-----
Spellcasting   | 4 |  4.5
Conjurations   | 2 |  2.0
Dodging        | |  2.4
Stealth        | |  2.4
Fire Magic     | |  3.8

Action                   || total
-------------------------++-------
Melee: Dagger            ||    39
 Cast: Flame Tongue      ||    64
       Throw Flame       ||     2
 Stab: Sleeping          ||     4
  Eat: Chunk             ||     1
Armor: Robe              ||    11
Dodge: Dodged            ||    58

Table legend:
 A = Spawn XP
 B = Non-spawn XP
 C = Spawn XP percentage of total XP
 D = Spawn monster count
 E = Non-spawn monster count
 F = Spawn count percentage of total count
 G = Total turns spent on level
                    A         B        C        D         E        F      G
               +---------+---------+-------+---------+---------+-------+---------
         Total |       0 |      77 |   0.0 |       0 |      38 |   0.0 |  1153
               +---------+---------+-------+---------+---------+-------+---------
           D:1 |       0 |      38 |   0.0 |       0 |      22 |   0.0 |   893
           D:2 |       0 |      39 |   0.0 |       0 |      16 |   0.0 |   260
               +---------+---------+-------+---------+---------+-------+---------
